 Dungeon Crawl Stone Soup version 0.25.1-2-g60ff931df9 (webtiles) character file.

Game seed: 2592577263193167439

37 KamiKatze the Skirmisher (level 3, -1/31 HPs)
             Began as a Demigod Fighter on Nov 13, 2020.
             Slain by a worker ant (2 damage)
             ... on level 2 of the Dungeon.
             The game lasted 00:03:21 (928 turns).

KamiKatze the Skirmisher (Demigod Fighter)           Turns: 928, Time: 00:03:22

Health: -1/31      AC:  7    Str: 21    XL:     3   Next: 7%
Magic:  5/5        EV:  7    Int: 12    God:
Gold:   46         SH:  9    Dex: 15    Spells: 2/2 levels left

rFire    . . .     SeeInvis .   a - +0 war axe
rCold    . . .     Gourm    .   c - +0 kite shield
rNeg     . . .     Faith    .   b - +0 scale mail
rPois    .         Spirit   .   (no helmet)
rElec    .         Reflect  .   (no cloak)
rCorr    .         Harm     .   k - +0 pair of gloves
MR       .....                  (no boots)
Stlth    ..........             u - amulet of magic regeneration
HPRegen  0.10/turn              (no ring)
MPRegen  0.34/turn              (no ring)

@: lethally poisoned (-1 -> -7)
A: high mp 1
a: no special abilities


You were on level 2 of the Dungeon.
You were not hungry.

You visited 1 branch of the dungeon, and saw 2 of its levels.

You collected 46 gold pieces.

Inventory:

Hand Weapons
 a - a +0 war axe (weapon)
Missiles
 e - 31 poisoned darts (quivered)
 h - 66 stones
 o - 8 datura-tipped darts
Armour
 b - a +0 scale mail (worn)
 c - a +0 kite shield (worn)
 k - a +0 pair of gloves (worn)
Jewellery
 u - an amulet of magic regeneration (around neck)
Scrolls
 j - a scroll of enchant armour {unknown}
 m - a scroll of teleportation {unknown}
 r - a scroll of remove curse {unknown}
 s - 2 scrolls of amnesia {unknown}
 t - a scroll of magic mapping {unknown}
Potions
 d - 2 potions of might
 i - 2 potions of stabbing {unknown}
 l - a potion of flight {unknown}
 n - a potion of lignification {unknown}
 p - a potion of heal wounds {unknown}
 q - a potion of degeneration {unknown}
Comestibles
 f - 5 rations
 g - 3 chunks of flesh


   Skills:
 + Level 3.0 Fighting
 * Level 2.5 Axes
 - Level 2.6 Armour
 + Level 0.9 Dodging
 + Level 3.0 Shields


You had 2 spell levels left.
You didn't know any spells.
Your spell library was empty.

Dungeon Overview and Level Annotations

Branches:
Dungeon (2/15)


Innate Abilities, Weirdness & Mutations

You have an increased reservoir of magic. (+10% MP)


Message History

The worker ant is heavily wounded.
You feel sick. You block the worker ant's attack. x2
You hit the worker ant but do no damage.
The worker ant is heavily wounded.
You feel sick. You block the worker ant's attack. The worker ant bites you.
* * * LOW HITPOINT WARNING * * *
You hit the worker ant but do no damage.
The worker ant is heavily wounded.
* * * LOW HITPOINT WARNING * * *
You feel sick. You block the worker ant's attack. x2
You closely miss the worker ant.
The worker ant is heavily wounded.
* * * LOW HITPOINT WARNING * * *
You feel sick. The worker ant completely misses you. The worker ant bites you.
* * * LOW HITPOINT WARNING * * *
You hit the worker ant but do no damage.
The worker ant is heavily wounded.
* * * LOW HITPOINT WARNING * * *
You feel sick. The worker ant bites you.
You die...

#######.##########..
.......<............
.###########.######.
#.# ## ## #(# #
##.##.#######
..#.........
#.#########
#.##########
#....(a@..# #.#....#
#.......###.###...##.#
........###.......##.#
##.!...............รท.#
#...(...####.##.##..#
#######.#.......##..#
.#.##.##.##..#
.#....#..#...#.#
######.##...#.#


You could see a worker ant.

Vanquished Creatures
  An adder (D:2)
  A worm (D:2)
  7 bats
  2 hobgoblins (D:1)
  3 jackals (D:2)
  3 frilled lizards (D:1)
  3 goblins (D:1)
  2 kobolds
  4 rats
26 creatures vanquished.

Notes
Turn   | Place    | Note
-------+----------+-------------------------------------------
     0 | D:1      | KamiKatze the Demigod Fighter began the quest for the Orb.
     0 | D:1      | Reached XP level 1. HP: 18/18 MP: 3/3
   363 | D:1      | Reached XP level 2. HP: 25/25 MP: 4/4
   908 | D:2      | Reached XP level 3. HP: 27/31 MP: 5/5
   928 | D:2      | HP: 1/31 [poisoned by a worker ant]
   928 | D:2      | Slain by a worker ant

Illustrated notes

Levels and vault maps discovered:
D:1:      lightli_arrival_isolated_outpost, layout_basic, st_stairs_10,
          minmay_misc_feat_five
D:2:      layout_basic, first_ration, chequers_serial_rivers_micro_a

Skill      XL: |  1  2 |
---------------+-------+-----
Axes           | 2 |  2.5
Fighting       | 3 |  3.0
Shields        | 3 |  3.0
Armour         | |  2.6
Dodging        | |  0.9

Action                   || total
-------------------------++-------
Melee: War axe           ||    77
Armor: Scale mail        ||    40
Dodge: Dodged            ||    28
Block: Kite shield       ||    46
